 Dungeon Crawl Stone Soup version 0.26-a0-466-g989023bd0d (webtiles) character file.

Game seed: 3932524326702722312

2517 Apogee the Basher (level 9, -2/57 HPs)
             Began as a Gargoyle Fighter on Aug 12, 2020.
             Was a Follower of Okawaru.
             Slain by a red ugly thing (13 damage)
             ... on level 7 of the Dungeon.
             The game lasted 00:10:29 (6568 turns).

Apogee the Basher (Gargoyle Fighter)                Turns: 6568, Time: 00:10:30

Health: -2/57      AC: 16    Str: 23    XL:     9   Next: 54%
Magic:  16/18      EV:  6    Int:  9    God:    Okawaru [*.....]
Gold:   327        SH: 10    Dex:  9    Spells: 8/8 levels left

rFire    . . .     SeeInvis .   B - +0 flail (vorpal)
rCold    . . .     Faith    .   c - +0 kite shield
rNeg     + . .     Spirit   .   i - +0 chain mail
rPois    ∞         Reflect  .   (no helmet)
rElec    +         Harm     .   (no cloak)
rCorr    .                      (no gloves)
MR       .....                  (no boots)
Stlth    ..........             (no amulet)
HPRegen  0.19/turn              v - ring of magical power
MPRegen  0.16/turn              u - ring of attention (curse)

@: no status effects
A: negative energy resistance 1, electricity resistance, unbreathing,
petrification resistance, rot immunity, AC +6
a: Heroism, Renounce Religion


You were on level 7 of the Dungeon.
You worshipped Okawaru.
Okawaru was aware of your devotion.
You visited 2 branches of the dungeon, and saw 8 of its levels.

You collected 327 gold pieces.

Inventory:

Hand Weapons
 a - a +0 flail
 B - a +0 vorpal flail (weapon)
   (You took it off Edmund on level 5 of the Dungeon)
Missiles
 q - 132 stones (quivered)
Armour
 b - a +0 scale mail
 c - a +0 kite shield (worn)
 i - a +0 chain mail (worn)
   (You found it on level 1 of the Dungeon)
 y - the +1 robe "Sorhudib" {Int+3, unknown}
   (You found it on level 4 of the Dungeon)

   It affects your intelligence (+3).
Jewellery
 u - a cursed ring of attention (right hand)
   (You found it on level 3 of the Dungeon)
 v - a ring of magical power (left hand)
   (You found it on level 3 of the Dungeon)
Wands
 d - a wand of iceblast (5)
   (You found it on level 7 of the Dungeon)
Scrolls
 e - a scroll of fear {unknown}
 g - 2 scrolls of noise {unknown}
 k - 2 scrolls of fog {unknown}
 l - a scroll of blinking {unknown}
 m - 5 scrolls of identify {unknown}
 n - 5 scrolls of remove curse {unknown}
 r - 3 scrolls of teleportation {unknown}
 t - a scroll of enchant armour {unknown}
 A - a scroll of enchant weapon {unknown}
Potions
 f - a potion of berserk rage {unknown}
 h - a potion of stabbing {unknown}
 j - 2 potions of heal wounds {unknown}
 o - a potion of brilliance {unknown}
 p - 4 potions of curing {unknown}
 s - a potion of flight {unknown}
 w - a potion of resistance {unknown}
 x - a potion of lignification {unknown}
 z - a potion of magic {unknown}


   Skills:
 + Level 7.0 Fighting
 * Level 8.2 Maces & Flails
 + Level 7.0 Armour
 + Level 6.9 Shields


You had 8 spell levels left.
You didn't know any spells.
Your spell library contained the following spells:

 Spells                   Type           Power        Failure   Level
 Animate Skeleton         Necr           #.....       100%        1
 Pain                     Necr           #...         100%        1
 Vampiric Draining        Necr           #.........   100%        3
 Animate Dead             Necr           #.........   100%        4
 Agony                    Necr           #.......     100%        5


Dungeon Overview and Level Annotations

Branches:
Dungeon (7/15)             Temple (1/1) D:5

Altars:
Ashenzari
Cheibriados
Hepliaklqana
Kikubaaqudgha
Makhleb
Nemelex Xobeh
Okawaru
Ru
Sif Muna
Trog
Uskayaw
Vehumet
Wu Jian
Xom
Yredelemnul
Zin
The Shining One

Shops:
D:5 [

Annotations:
D:6 1 runed translucent door, Graouh's ghost, novice MiFi


Innate Abilities, Weirdness & Mutations

You are resistant to torment.
Your stone body is resilient. (AC +6)
You are immune to poison.
You resist negative energy. (rN+)
You are resistant to electric shocks. (rElec)
You can survive without breathing.
You are immune to petrification.
You are immune to rotting.


Message History

You sock the bullfrog zombie! You block the bullfrog zombie's attack.
You sock the bullfrog zombie! You block the bullfrog zombie's attack.
You hit the bullfrog zombie. The bullfrog zombie hits you. x2
You hit the bullfrog zombie.
You destroy the bullfrog zombie!
Okawaru accepts your kill.
No target in view!
No target in view!
No target in view!
No target in view!
No target in view!
No target in view!
No target in view!
No target in view!
A red ugly thing comes into view.
A red ugly thing is nearby!
A red ugly thing is nearby!
Things that are here:
a +0 chain mail; an orc corpse You feel your magic capacity increase.
v - a ring of magical power (left hand) Oops, that ring feels deathly cold.
u - a cursed ring of attention (right hand)
You block the red ugly thing's attack.
You hit the red ugly thing.
The red ugly thing punches you but does no damage.
You hit the red ugly thing but do no damage.
You block the red ugly thing's attack.
You sock the red ugly thing! You block the red ugly thing's attack.
You closely miss the red ugly thing.
The red ugly thing punches you but does no damage.
You hit the red ugly thing. The red ugly thing punches you!
You are engulfed in flames!
You hit the red ugly thing. You block the red ugly thing's attack.
The red ugly thing barely misses you. You block the red ugly thing's attack.
You fail to use your ability.
The red ugly thing barely misses you. The red ugly thing closely misses you.
You gain the combat prowess of a mighty hero.
The red ugly thing punches you.
You are engulfed in flames!!
* * * LOW HITPOINT WARNING * * *
You hit the red ugly thing.
The red ugly thing punches you but does no damage.
Okay, then.
You feel like a meek peon again. You block the red ugly thing's attack.
The red ugly thing punches you.
* * * LOW HITPOINT WARNING * * *
You are engulfed in flames!
You die...

######################
.....................#
###################.##
#..†......# #...#
#.#######.# ###u###
#.# #.# #.@.# #.# #.#
#.### #.#######.# #.#
#......<#.# #.#
##########.# #.#
.....># #.####.#
...#### #......# ...#
######## ...#


You could see a red ugly thing.

Vanquished Creatures
  Pikel (D:6)
  Eustachio (D:6)
  Edmund (D:5)
  An orc warrior (D:6)
  3 phantoms
  2 sky beasts
  2 ice beasts
  A necrophage (D:6)
  A centaur (D:6)
  A lemure (D:5)
  A bullfrog (D:6)
  2 scorpions
  3 killer bees (D:7)
  A quasit (D:6)
  A bullfrog zombie (D:7)
  2 jellies
  2 hounds
  3 orc priests
  4 orc wizards (D:5)
  A worker ant (D:4)
  2 worker ant zombies
  A howler monkey skeleton (D:4)
  5 adders
  3 gnolls (D:2)
  A white imp (D:6)
  3 oozes
  An adder skeleton (D:4)
  2 worms
  3 dart slugs
  4 leopard geckos
  11 orcs
  4 ball pythons
  5 giant cockroaches
  10 goblins
  8 hobgoblins
  15 jackals
  3 quokkas
  7 bats
  4 frilled lizards
  A jackal skeleton (D:5)
  5 kobolds
  A leopard gecko zombie (D:6)
  5 rats
138 creatures vanquished.

Vanquished Creatures (others)
  A goblin (D:2)
1 creature vanquished.

Grand Total: 139 creatures vanquished

Notes
Turn   | Place    | Note
-------+----------+-------------------------------------------
     0 | D:1      | Apogee the Gargoyle Fighter began the quest for the Orb.
     0 | D:1      | Reached XP level 1. HP: 14/14 MP: 1/1
   208 | D:1      | Reached XP level 2. HP: 19/19 MP: 2/2
   551 | D:1      | Reached XP level 3. HP: 15/23 MP: 3/3
   990 | D:2      | Reached skill level 3 in Maces & Flails
  1182 | D:2      | Reached XP level 4. HP: 29/29 MP: 4/4
  1237 | D:2      | Found an ornate altar of the Wu Jian Council.
  1348 | D:2      | Found a radiant altar of Vehumet.
  1391 | D:2      | Noticed a phantom
  1434 | D:2      | Killed a phantom
  1434 | D:2      | Reached XP level 5. HP: 15/33 MP: 5/5
  1709 | D:2      | Reached skill level 4 in Maces & Flails
  2016 | D:3      | Found a hazy altar of Hepliaklqana.
  2017 | D:3      | Found a burning altar of Makhleb.
  2017 | D:3      | Found a snail-covered altar of Cheibriados.
  2017 | D:3      | Found a hide-covered altar of Uskayaw.
  2020 | D:3      | Found a sacrificial altar of Ru.
  2021 | D:3      | Found a bloodstained altar of Trog.
  2022 | D:3      | Found an ancient bone altar of Kikubaaqudgha.
  2190 | D:3      | Reached XP level 6. HP: 36/38 MP: 6/6
  2478 | D:4      | Noticed a phantom
  2553 | D:4      | Killed a phantom
  2881 | D:4      | Got a transparent robe
  3178 | D:5      | Entered Level 5 of the Dungeon
  3235 | D:5      | Found Cuulono's Antique Armour Boutique.
  3261 | D:5      | Noticed Edmund
  3281 | D:5      | Killed Edmund
  3281 | D:5      | Reached skill level 5 in Maces & Flails
  3281 | D:5      | Reached skill level 5 in Armour
  3281 | D:5      | Reached XP level 7. HP: 25/44 MP: 7/7
  3441 | D:5      | Reached skill level 5 in Fighting
  3496 | D:5      | Reached skill level 5 in Shields
  3758 | D:5      | Found a staircase to the Ecumenical Temple.
  3842 | D:5      | Reached XP level 8. HP: 32/49 MP: 8/8
  3870 | D:5      | Reached skill level 6 in Maces & Flails
  4367 | Temple   | Entered the Ecumenical Temple
  4379 | Temple   | Became a worshipper of Warmaster Okawaru
  4568 | D:6      | Found a basalt altar of Yredelemnul.
  4614 | D:6      | Noticed Pikel
  4855 | D:6      | Reached skill level 7 in Maces & Flails
  5029 | D:6      | Killed Pikel
  5029 | D:6      | Reached * piety under Okawaru
  5029 | D:6      | Reached XP level 9. HP: 56/56 MP: 9/9
  5039 | D:6      | Found a runed translucent door.
  5039 | D:6      | Found a shimmering altar of Xom.
  5039 | D:6      | Noticed Graouh's ghost (novice MiFi)
  5040 | D:6      | Noticed a +0 falchion of chaos
  5057 | D:6      | Found a sparkling altar of Nemelex Xobeh.
  5195 | D:6      | Noticed Eustachio
  5254 | D:6      | Killed Eustachio
  5782 | D:6      | Found a glowing golden altar of the Shining One.
  5839 | D:6      | Reached skill level 8 in Maces & Flails
  6145 | D:6      | Noticed an angel
  6510 | D:7      | Noticed a red ugly thing
  6568 | D:7      | Slain by a red ugly thing

Illustrated notes

Levels and vault maps discovered:
D:1:      minmay_arrival_open_corners, layout_loops_ring, minmay_tromino_i4
D:2:      layout_basic, fiery_altar_vehumet, lemuel_doored_altar
D:3:      layout_rooms, minitemple
D:4:      layout_basic
D:5:      layout_basic, minmay_temple_entry_junction, serial_shops,
          nicolae_shop_trees, uniq_edmund
D:6:      layout_layer_cave, grunt_temple_overflow_holy_war,
          nemelex_xobeh_ov_fountains_minmay, ebering_ghost_xom, uniq_pikel,
          uniq_eustachio
D:7:      layout_basic, minmay_manual_monstrance
Temple:   compressed_dpeg_triangle_lava_temple

Skill      XL: |  1  2  3  4  5  6  7  8  9 |
---------------+----------------------------+-----
Maces & Flails | 3 4 5 7 8 |  8.2
Fighting       | 4 5 6 7 |  7.0
Armour         | 4 5 6 7 |  7.0
Shields        | 4 5 6 |  6.9

Action                   |  1- 3 |  4- 6 |  7- 9 || total
-------------------------+-------+-------+-------++-------
Melee: Flail             |   133 |   244 |   355 ||   732
Invok: Heroism           |       |       |     2 ||     2
  Use: Potion            |       |     1 |       ||     1
Armor: Scale mail        |    11 |       |       ||    11
       Chain mail        |    82 |   120 |   303 ||   505
Dodge: Dodged            |    37 |    43 |   120 ||   200
Block: Kite shield       |    59 |   105 |   237 ||   401

Table legend: (Time is in decaauts)
 A = Elapsed time spent in this place.
 B = Non-inter-level travel time spent in this place.
 C = Inter-level travel time spent in this place.
 D = Time resting spent in this place.
 E = Time spent auto-exploring this place.
 F = Levels seen in this place.
 G = Mean time per level.
                   A        B        C        D        E       F      G
               +--------+--------+--------+--------+--------+-----+--------+
         Total |   6749 |   6520 |    229 |    944 |   3994 |   8 |  843.6 |
       Dungeon |   6726 |   6506 |    220 |    944 |   3984 |   7 |  960.9 |
        Temple |     22 |     13 |      9 |      0 |     10 |   1 |   22.0 |
               +--------+--------+--------+--------+--------+-----+--------+

Top non-repeatable levels by time:
     D:6: 1720 daAuts
     D:5: 1325 daAuts
     D:2: 1083 daAuts
     D:1: 928 daAuts
     D:4: 884 daAuts
     D:3: 398 daAuts
     D:7: 386 daAuts
  Temple: 22 daAuts
